 Dungeon Crawl Stone Soup version 0.27.1-34-g3ba077fa99 (webtiles) character file.

Game seed: 13600895536800633054

121 McKennaii the Skirmisher (level 4, -9/36 HPs)
             Began as a Demonspawn Fighter on Jan 15, 2022.
             Was an Initiate of Makhleb.
             Shot with an arrow by a centaur (11 damage)
             ... on level 3 of the Dungeon.
             The game lasted 00:03:25 (4164 turns).

McKennaii the Skirmisher (Demonspawn Fighter)       Turns: 4164, Time: 00:03:25

Health: -9/36      AC:  6    Str: 17    XL:     4   Next: 76%
Magic:  4/4        EV:  9    Int: 10    God:    Makhleb [......]
Gold:   81         SH:  9    Dex: 12    Spells: 3/3 levels left

rFire    + . .     SeeInvis .   a - +0 trident
rCold    + . .     Faith    .   c - +0 kite shield
rNeg     . . .     Spirit   .   b - +0 scale mail
rPois    .         Reflect  .   (no helmet)
rElec    .         Harm     .   l - scarf {rC+ rF+}
rCorr    .         Rampage  .   (no gloves)
Will     .....                  (no boots)
Stlth    ..........             (no amulet)
HPRegen  0.12/turn              h - ring of flight
MPRegen  0.09/turn              (no ring)

@: flying
A: repulsion field 1
a: Renounce Religion


You were on level 3 of the Dungeon.
You worshipped Makhleb.
Makhleb was noncommittal.
You visited 1 branch of the dungeon, and saw 3 of its levels.

You collected 81 gold pieces.

Inventory:

Hand Weapons
 a - a +0 trident (weapon)
Armour
 b - a +0 scale mail (worn)
 c - a +0 kite shield (worn)
 l - a scarf of resistance (worn)
Jewellery
 h - a ring of flight (left hand)
Scrolls
 g - 2 scrolls of magic mapping {unknown}
 i - 2 scrolls of immolation {unknown}
 j - 3 scrolls of teleportation {unknown}
 k - a scroll of torment {unknown}
 m - a scroll of enchant weapon {unknown}
 n - a scroll of identify {unknown}
Potions
 d - a potion of might
 e - a potion of mutation {unknown}
 f - a potion of heal wounds {unknown}


   Skills:
 + Level 3.6 Fighting
 * Level 3.2 Polearms
 + Level 3.2 Armour
 + Level 3.2 Shields


You had 3 spell levels left.
You didn't know any spells.
Your spell library contained the following spells:

 Spells                   Type           Power      Damage    Failure   Level
 Foxfire                  Conj/Fire      0%         2x1d4     99%         1
 Conjure Flame            Conj/Fire      0%         6-21      100%        3
 Inner Flame              Hex/Fire       0%         N/A       100%        3


Dungeon Overview and Level Annotations

Branches:
Dungeon (3/15)

Altars:
Cheibriados
Makhleb

Shops:
D:1 [

Annotations:
D:3 1 runed translucent door, gildax's ghost, weakling DjAE


Innate Abilities, Weirdness & Mutations

You are surrounded by a mild repulsion field. (EV +2)


Message History

No target in view!
No target in view!
(D) Dungeon
Where to? (Enter - D:3 @ (x,y), ? - help)
Okay, then.
Unknown command.
(D) Dungeon
Where to? (Enter - D:3 @ (x,y), ? - help)
Things that are here:
a +0 war axe; 3 boomerangs; a +0 ring mail You see here a +0 club.
There is an open door here.
There is a burning altar of Makhleb here.
You hover solemnly before the altar of Makhleb.
Makhleb welcomes you!
There is an open door here.
You see here a +0 club.
A centaur comes into view.
The centaur shouts!
A centaur is nearby!
A centaur is nearby!
The centaur wields a +0 shortbow.
The centaur shoots an arrow.
You block the arrow.
The centaur shoots an arrow.
The arrow hits you.
The centaur shoots an arrow.
The arrow hits you!
The centaur shoots an arrow.
The arrow hits you!
You are too injured to fight recklessly!
You are too injured to fight recklessly!
You are too injured to fight recklessly!
The centaur shoots an arrow.
The arrow hits you!
* * * LOW HITPOINT WARNING * * *
The centaur shoots an arrow.
The arrow hits you.
* * * LOW HITPOINT WARNING * * *
Reach: a) +0 trident
Press: ? - help, Dir - move target, f - centaur
Aim: a centaur, wielding a +0 shortbow and quivering arrows (about 31% to evade your +0 trident)
You reach to attack!
You hit the centaur.
The centaur is lightly wounded.
The centaur shoots an arrow.
The arrow hits you!
You die...

#.#
#.........########..#.#######
#.#
#.....###..................##
#.# #.....#
#...........#........ #.#
###.### #..#####....######.##
#.# #.# #..# #.#### #.## #.#
#.# #..# #.# #.#
#.#####.#####..#####.## #.#
..............c.......# #.#
..#####.#####...@....># #.##
#.# #.........###...# #...
#.# #######...###...# ####
#.# ###.......######### #.#
#)###.#.........# #.## #.#
#.#########.# ...##
#########.# #.# #.#
....###.........###.# #.#
........#≈§≈§§.≈≈≈≈≈# #.#


You could see a centaur.

Vanquished Creatures
  6 adders
  3 worms
  4 dart slugs
  An orc (D:3)
  An endoplasm (D:2)
  A giant cockroach (D:1)
  4 goblins
  7 hobgoblins
  A quokka (D:3)
  8 ball pythons
  8 bats
  4 frilled lizards
  2 kobolds
  2 rats
52 creatures vanquished.

Notes
Turn   | Place    | Note
-------+----------+-------------------------------------------
     0 | D:1      | McKennaii the Demonspawn Fighter began the quest for the
                  | Orb.
     0 | D:1      | Reached XP level 1. HP: 18/18 MP: 1/1
    97 | D:1      | Found Qudomakh's Armour Shoppe.
   493 | D:1      | Found a faded altar of an unknown god.
   494 | D:1      | Noticed a floating eye
   495 | D:1      | Noticed a floating eye
   496 | D:1      | Noticed a golden eye
   496 | D:1      | Noticed a shining eye
   664 | D:1      | Gained mutation: You are surrounded by a mild repulsion
                  | field. (EV +2) [demonic ancestry]
   664 | D:1      | Reached XP level 2. HP: 23/24 MP: 2/2
  1321 | D:2      | Reached XP level 3. HP: 16/29 MP: 3/3
  2660 | D:3      | Found a snail-covered altar of Cheibriados.
  2776 | D:3      | Reached XP level 4. HP: 26/35 MP: 4/4
  3272 | D:3      | Found a runed translucent door.
  3272 | D:3      | Noticed a bullfrog
  3274 | D:3      | Noticed gildax's ghost (weakling DjAE)
  3919 | D:3      | Found a burning altar of Makhleb.
  4146 | D:3      | Became a worshipper of Makhleb the Destroyer
  4159 | D:3      | Noticed a centaur
  4164 | D:3      | Shot with an arrow by a centaur

Illustrated notes

Levels and vault maps discovered:
D:1:      minmay_arrival_cross, layout_loops_ring, serial_shops, shop,
          hellmonk_ecumenical_altar_watching_god, fountainhead
D:2:      layout_loops_corners, st_stairs_7
D:3:      layout_loops_ring, lightli_temple_of_fire,
          mainiacjoe_overflow_alcove_2, ebering_ghost_sewer_d, minmay_distorted

Skill      XL: |  1  2  3  4 |
---------------+-------------+-----
Polearms       | 2 3 |  3.2
Armour         | 3 |  3.2
Shields        | 3 |  3.2
Fighting       | |  3.6

Action                   |  1- 3 |  4- 6 || total
-------------------------+-------+-------++-------
Melee: Trident           |   138 |    86 ||   224
Armor: Scale mail        |    54 |    55 ||   109
Dodge: Dodged            |    36 |    38 ||    74
Block: Kite shield       |    43 |    57 ||   100
